 Dungeon Crawl Stone Soup version 0.30.1-11-g7821555f0a (webtiles) character file.

Game seed: 7628431803018162249

64 caec the Insei (level 3, -6/28 HPs)
             Began as a Draconian Transmuter on Jan 5, 2024.
             Killed by nerve-wracking pain
             ... invoked by an orc priest
              (9 damage)
             ... on level 2 of the Dungeon.
             The game lasted 00:05:10 (1474 turns).

caec the Insei (Draconian Transmuter)               Turns: 1474, Time: 00:05:12

Health: -6/28      AC:  2    Str: 11    XL:     3   Next: 91%
Magic:  3/6        EV: 24    Int: 17    God:
Gold:   77         SH:  0    Dex: 17    Spells: 1/7 levels left

rFire   . .          .
                       - Unarmed
rCold   . . .        (shield currently unavailable)
rNeg    . . .        (body armour unavailable)
rPois   x            h - melded +1 hat {Stlth+}
rElec   .            (cloak currently unavailable)
rCorr   .            p - melded +0 pair of gloves
SInv    +            l - melded +0 pair of boots
Will    .....        (no amulet)
Stlth   ++           c - +5 ring of evasion
HPRegen 0.24/turn    s - ring of see invisible
MPRegen 0.10/turn

%: no passive effects
@: spider-form (expiring)
A: venomous fangs, AC +5, tiny, unfitting armour, (cold-blooded), (talons 1),
clever 1
a: End Transformation


You were on level 2 of the Dungeon.
You were a venomous arachnid creature.
You visited 1 branch of the dungeon, and saw 3 of its levels.

You collected 77 gold pieces.

Inventory:

Armour
 h - a +1 hat of stealth (melded)
 l - a +0 pair of boots (melded)
 p - a +0 pair of gloves (melded)
Jewellery
 c - a +5 ring of evasion (left front pincers)
 s - a ring of see invisible (right front pincers)
Scrolls
 b - a scroll of fear
 j - a scroll of vulnerability {unknown}
 o - a scroll of amnesia
 q - a scroll of teleportation
Potions
 a - a potion of lignification
 e - a potion of might {unknown}
 f - a potion of cancellation {unknown}
 g - a potion of haste {unknown}
 i - a potion of berserk rage {unknown}
 k - 2 potions of curing {unknown}
 n - a potion of heal wounds {unknown}


   Skills:
 + Level 1.1 Fighting
 + Level 2.1 Dodging
 + Level 0.1 Stealth
 + Level 3.6 Unarmed Combat
 + Level 2.6 Spellcasting
 + Level 2.8 Transmutations


You had one spell level left.
You knew the following spells:

 Your Spells              Type           Power      Damage    Failure   Level
a - Beastly Appendage     Tmut           22%        N/A       17%         1
b - Wereblood             Tmut           11%        N/A       22%         2
c - Spider Form           Tmut/Pois      6%         N/A       52%         3

Your spell library contained the following spells:

 Spells                   Type           Power      Damage    Failure   Level
 Ice Form                 Ice/Tmut       6%         N/A       87%         4


Dungeon Overview and Level Annotations

Branches:
Dungeon (3/15)

Altars:


Innate Abilities, Weirdness & Mutations

You are a venomous arachnid creature.
You have venomous fangs.
You are tiny and dextrous.
Your spellcasting is less reliable in this form.
Your armour is entirely melded.
You are incapable of wielding weapons or throwing items.
((Your plain brown scales are hard. (AC +5)))
You cannot fit into any form of body armour.
((You are cold-blooded and may be slowed by cold attacks.))
((You have sharp toenails.))
Your mind is acute. (Int +4, Str/Dex -1)


Message History

The orc priest is lightly wounded.
The orc priest calls down the wrath of Beogh upon you.
Beogh smites you!
* * * LOW HITPOINT WARNING * * *
You closely miss the orc priest.
You tail-slap the orc priest, but do no damage.
The orc priest is lightly wounded.
The orc priest hits you but does no damage.
Casting: Beastly Appendage (safe; 6% risk of failure)
Confirm with . or Enter, or press ? or * to list all spells.
You don't know that spell.
Casting: Beastly Appendage (safe; 6% risk of failure)
Confirm with . or Enter, or press ? or * to list all spells.
The spell is extremely dangerous to miscast (30% risk of failure)!
Continue anyway?
Your horns disappear.
Your +1 hat of stealth unmelds from your body.
Your +0 pair of boots unmelds from your body.
You feel stealthy.
You turn into a venomous arachnid creature.
Your +1 hat of stealth melds into your body.
Your +0 pair of gloves melds into your body.
Your +0 pair of boots melds into your body.
You feel less stealthy. The orc priest closely misses you.
You barely miss the orc priest.
The orc priest is lightly wounded.
The orc priest closely misses you.
You hit the orc priest but do no damage.
The orc priest is poisoned.
The orc priest is lightly wounded.
The orc priest completely misses you.
You hit the orc priest but do no damage.
The orc priest is moderately wounded.
The orc priest misses you.
You hit the orc priest but do no damage.
The orc priest looks as sick as possible!
The orc priest is moderately wounded.
Your transformation is almost over.
The orc priest mumbles some strange prayers to Beogh against you.
Pain shoots through your body!
You die...

###.###### ############ #)#
#..........# ###.###########
#.########.# #.............# #.#
#.# #)#.#########.# #.# #.#
#.#....# #.#######.# #.#
#.####)######.........# #.#
#.####...............)########.##
................s................
#................o....#####.##.##
#############............##.##.#
# #.##########.##.##.#
#############.##########.##.##.#
.........................##.##.#
##########..#.#############.##.#
...# #..#.#<..).........##.# ...#
#..#.################.#


You could see an orc priest (extremely poisoned).

Vanquished Creatures
  Natasha (D:3)
  An adder (D:2)
  2 dart slugs (D:2)
  2 ball pythons
  3 bats
  3 endoplasms
  3 goblins
  2 hobgoblins
  7 kobolds
  2 rats
26 creatures vanquished.

Notes
Turn   | Place    | Note
-------+----------+-------------------------------------------
     0 | D:1      | caec the Draconian Transmuter began the quest for the Orb.
     0 | D:1      | Reached XP level 1. HP: 16/16 MP: 3/3
   225 | D:1      | Reached XP level 2. HP: 23/23 MP: 3/5
   228 | D:1      | Learned a level 2 spell: Wereblood
   900 | D:2      | Reached XP level 3. HP: 28/28 MP: 4/6
  1267 | D:2      | Gained mutation: Your body sometimes deteriorates upon
                  | taking damage. [potion of mutation]
  1267 | D:2      | Gained mutation: Your tail ends in a venomous barb. [potion
                  | of mutation]
  1267 | D:2      | Gained mutation: You are vulnerable to cold. (rC-) [potion
                  | of mutation]
  1268 | D:2      | Lost mutation: Your body sometimes deteriorates upon taking
                  | damage. [potion of mutation]
  1268 | D:2      | Lost mutation: You are vulnerable to cold. (rC-) [potion of
                  | mutation]
  1268 | D:2      | Lost mutation: Your tail ends in a venomous barb. [potion
                  | of mutation]
  1268 | D:2      | Gained mutation: Your mind is acute. (Int +4, Str/Dex -1)
                  | [potion of mutation]
  1268 | D:2      | Gained mutation: You have sharp toenails. [potion of
                  | mutation]
  1368 | D:3      | Noticed Natasha
  1377 | D:3      | Killed Natasha
  1414 | D:3      | Learned a level 3 spell: Spider Form
  1474 | D:2      | Killed from afar by an orc priest

Illustrated notes

Levels and vault maps discovered:
D:1:      minmay_arrival_split_and_join, layout_rooms
D:2:      layout_basic
D:3:      layout_rooms, uniq_crazy_yiuf_cottage, uniq_natasha

Skill      XL: |  1  2 |
---------------+-------+-----
Dodging        | 2 |  2.1
Fighting       | |  1.1
Stealth        | |  0.1
Unarmed Combat | |  3.6
Spellcasting   | |  2.6
Transmutations | |  2.8

Action                     || total
---------------------------++-------
  Melee: Unarmed           ||    78
         Tailslap          ||    10
         Punch             ||     5
         Kick              ||    11
         Headbutt          ||    14
   Cast: Beastly Appendage ||    18
         Wereblood         ||     4
         Spider Form       ||     1
    Use: Scroll            ||     6
         Potion            ||     2
 Armour: Skin              ||    12
  Dodge: Dodged            ||    54
